[ AOE2 MATCH · #506852373 ]
UnrankedFranks vs Hindustanis
Player's team · LOSS
[ REPLAY ANALYSIS · EXTRACTED FROM THE RECORDED GAME ]
Feudal
11:38
Castle
—
Imperial
—
| APM avg | 77.7 |
| APM peak | 114 |
| eAPM avg | 32.3 |
| Villagers / military | 46 / 16 |
Focus
⚔️ 25.1% · 🌾 74.9%
Skirmisher ×12 · Archer ×2 · Militia ×2
Feudal
9:16
Castle
19:42
Imperial
—
| APM avg | 76.3 |
| APM peak | 93 |
| eAPM avg | 25.1 |
| Villagers / military | 39 / 26 |
Focus
⚔️ 35.4% · 🌾 64.6%
Archer ×17 · Skirmisher ×5 · Militia ×4
Match map
Initial resources + every placement click. Lines = walls · curves = elevation contours. ◆ gold · ⬟ stone · ● berries · ✦ relic · ◌ wall gap
Your base· Open — unwalled flank
Nobody's base· Open — 9t gap
Smoothed initial terrain · ◌ = detected wall gap · hover for details
Inputs per minute
— BucketsTTP - - Nobody
Build order — BucketsTTP
116 actions detected in the replay
| 0:01 | Queue | Villager (Male) |
| 0:01 | Queue | Villager (Male) |
| 0:02 | Build | House |
| 0:02 | Build | House |
| 0:23 | Queue | Villager (Male) |
| 0:23 | Queue | Villager (Male) |
| 1:24 | Queue | Villager (Male) |
| 1:57 | Queue | Villager (Male) |
| 2:13 | Queue | Villager (Male) |
| 2:29 | Queue | Villager (Male) |
| 2:47 | Build | Barracks |
| 3:04 | Queue | Villager (Male) |
| 3:24 | Queue | Villager (Male) |
| 3:24 | Queue | Villager (Male) |
| 3:30 | Build | House |
| 3:46 | Queue | Militia |
| 4:06 | Queue | Villager (Male) |
| 4:27 | Queue | Militia |
| 4:51 | Queue | Villager (Male) |
| 4:51 | Queue | Villager (Male) |
| 5:17 | Build | House |
| 5:18 | Queue | Villager (Male) |
| 5:18 | Queue | Villager (Male) |
| 5:33 | Build | Palisade Wall |
| 5:43 | Queue | Villager (Male) |
| 6:03 | Queue | Villager (Male) |
| 6:10 | Queue | Villager (Male) |
| 6:10 | Queue | Villager (Male) |
| 6:16 | Queue | Villager (Male) |
| 6:49 | Build | Mill |
| 6:55 | Queue | Villager (Male) |
| 6:55 | Queue | Villager (Male) |
| 7:15 | Build | House |
| 8:24 | Queue | Villager (Male) |
| 8:26 | Research | Loom |
| 8:51 | Build | Lumber Camp |
| 9:00 | Research | Feudal Age |
| 9:33 | Build | Farm |
| 10:10 | Build | Lumber Camp |
| 10:38 | Build | Mining Camp |
| 10:48 | Queue | Villager (Male) |
| 11:13 | Build | Farm |
| 11:25 | Build | Palisade Wall |
| 11:31 | Build | Palisade Wall |
| 11:34 | Build | Palisade Wall |
| 11:34 | Build | Palisade Wall |
| 11:38 | Age | Feudal Age |
| 11:41 | Research | Double-Bit Axe |
| 11:59 | Build | Archery Range |
| 12:02 | Queue | Villager (Male) |
| 12:11 | Build | Palisade Wall |
| 12:15 | Build | Palisade Wall |
| 12:16 | Build | House |
| 12:34 | Build | Farm |
| 12:35 | Queue | Villager (Male) |
| 12:43 | Queue | Archer |
| 12:47 | Queue | Villager (Male) |
| 12:54 | Build | Palisade Wall |
| 13:00 | Queue | Villager (Male) |
| 13:12 | Build | Farm |
| 13:18 | Queue | Villager (Male) |
| 13:21 | Queue | Archer |
| 13:31 | Build | Farm |
| 13:51 | Build | Farm |
| 13:57 | Build | Farm |
| 14:02 | Queue | Villager (Male) |
| 14:13 | Queue | Villager (Male) |
| 14:27 | Build | House |
| 14:29 | Build | Farm |
| 14:41 | Build | Archery Range |
| 14:45 | Queue | Villager (Male) |
| 15:05 | Build | Farm |
| 15:07 | Build | Farm |
| 15:21 | Queue | Skirmisher |
| 15:25 | Build | Farm |
| 15:29 | Queue | Skirmisher |
| 15:29 | Queue | Skirmisher |
| 15:41 | Queue | Villager (Male) |
| 15:45 | Queue | Skirmisher |
| 15:46 | Build | Farm |
| 16:00 | Queue | Villager (Male) |
| 16:04 | Queue | Villager (Male) |
| 16:12 | Build | House |
| 16:24 | Build | House |
| 16:27 | Queue | Skirmisher |
| 16:35 | Build | Blacksmith |
| 16:45 | Build | Farm |
| 16:54 | Queue | Villager (Male) |
| 16:58 | Build | House |
| 17:05 | Build | Farm |
| 17:08 | Queue | Villager (Male) |
| 17:20 | Research | Padded Archer Armor |
| 17:21 | Research | Padded Archer Armor |
| 17:25 | Queue | Skirmisher |
| 17:35 | Build | House |
| 17:36 | Queue | Skirmisher |
| 17:46 | Build | Farm |
| 17:47 | Build | Farm |
| 17:51 | Build | Palisade Wall |
| 17:54 | Queue | Skirmisher |
| 18:03 | Research | Fletching |
| 18:05 | Queue | Skirmisher |
| 18:09 | Queue | Villager (Male) |
| 18:12 | Queue | Skirmisher |
| 18:20 | Build | House |
| 18:23 | Build | Farm |
| 18:23 | Queue | Villager (Male) |
| 18:24 | Queue | Villager (Male) |
| 18:48 | Queue | Villager (Male) |
| 19:00 | Queue | Villager (Male) |
| 19:09 | Queue | Villager (Male) |
| 19:13 | Queue | Villager (Male) |
| 19:23 | Queue | Skirmisher |
| 19:23 | Queue | Skirmisher |
| 19:25 | Build | Market |
| 19:38 | Queue | Villager (Male) |
Build order — Nobody
120 actions detected in the replay
| 0:01 | Queue | Villager (Male) |
| 0:02 | Build | House |
| 0:06 | Build | House |
| 0:07 | Queue | Villager (Male) |
| 0:07 | Queue | Villager (Male) |
| 0:13 | Queue | Villager (Male) |
| 0:13 | Queue | Villager (Male) |
| 1:09 | Queue | Villager (Male) |
| 1:27 | Queue | Villager (Male) |
| 1:28 | Queue | Villager (Male) |
| 1:52 | Build | Lumber Camp |
| 2:03 | Queue | Villager (Male) |
| 2:14 | Queue | Villager (Male) |
| 2:15 | Queue | Villager (Male) |
| 2:41 | Queue | Villager (Male) |
| 3:04 | Queue | Villager (Male) |
| 3:26 | Build | House |
| 3:46 | Queue | Villager (Male) |
| 3:56 | Queue | Villager (Male) |
| 4:08 | Queue | Villager (Male) |
| 4:51 | Build | Barracks |
| 5:07 | Queue | Villager (Male) |
| 5:40 | Build | House |
| 5:43 | Queue | Villager (Male) |
| 5:59 | Queue | Villager (Male) |
| 6:20 | Build | House |
| 6:40 | Research | Loom |
| 6:52 | Research | Feudal Age |
| 6:52 | Research | Feudal Age |
| 6:52 | Research | Feudal Age |
| 7:08 | Queue | Militia |
| 7:08 | Queue | Militia |
| 7:28 | Build | Mining Camp |
| 7:31 | Queue | Militia |
| 7:47 | Build | House |
| 7:57 | Queue | Militia |
| 8:35 | Build | Mill |
| 9:16 | Age | Feudal Age |
| 9:21 | Queue | Villager (Male) |
| 9:39 | Research | Double-Bit Axe |
| 9:39 | Research | Double-Bit Axe |
| 9:39 | Research | Double-Bit Axe |
| 9:39 | Research | Double-Bit Axe |
| 9:52 | Queue | Villager (Male) ×2 |
| 9:59 | Build | Archery Range |
| 10:06 | Build | Farm |
| 10:31 | Queue | Villager (Male) |
| 10:33 | Build | Farm |
| 10:39 | Queue | Villager (Male) |
| 10:41 | Build | Farm |
| 10:44 | Build | House |
| 10:59 | Queue | Archer |
| 10:59 | Queue | Archer |
| 10:59 | Queue | Archer |
| 11:05 | Queue | Villager (Male) |
| 11:12 | Build | Farm |
| 11:34 | Build | Farm |
| 11:38 | Queue | Archer |
| 11:49 | Queue | Villager (Male) |
| 12:01 | Build | Blacksmith |
| 12:04 | Queue | Villager (Male) |
| 12:13 | Queue | Archer |
| 12:36 | Research | Fletching |
| 12:36 | Research | Fletching |
| 12:38 | Queue | Archer |
| 12:39 | Queue | Villager (Male) |
| 12:58 | Queue | Skirmisher |
| 13:02 | Build | Farm |
| 13:10 | Queue | Villager (Male) |
| 13:12 | Build | Farm |
| 13:29 | Queue | Villager (Male) |
| 13:31 | Build | Farm |
| 13:33 | Build | Farm |
| 13:44 | Queue | Archer |
| 13:47 | Queue | Villager (Male) |
| 13:49 | Build | Farm |
| 13:52 | Build | House |
| 14:08 | Queue | Villager (Male) |
| 14:10 | Build | Farm |
| 14:13 | Build | House |
| 14:20 | Queue | Skirmisher |
| 14:26 | Queue | Villager (Male) |
| 14:46 | Build | House |
| 14:48 | Build | Palisade Wall |
| 15:06 | Queue | Villager (Male) |
| 15:07 | Queue | Villager (Male) |
| 15:09 | Build | House |
| 15:27 | Build | House |
| 15:42 | Queue | Villager (Male) |
| 15:46 | Build | Market |
| 15:56 | Queue | Archer |
| 15:57 | Queue | Archer |
| 16:01 | Build | House |
| 16:21 | Queue | Villager (Male) |
| 16:37 | Build | House |
| 16:41 | Queue | Villager (Male) |
| 17:02 | Research | Castle Age |
| 17:02 | Research | Castle Age |
| 17:02 | Research | Castle Age |
| 17:02 | Research | Castle Age |
| 17:04 | Queue | Archer |
| 17:04 | Queue | Archer |
| 17:13 | Build | Archery Range |
| 17:23 | Queue | Skirmisher |
| 17:23 | Queue | Skirmisher |
| 17:47 | Queue | Archer |
| 17:47 | Queue | Archer |
| 18:05 | Research | Horse Collar |
| 18:05 | Research | Horse Collar |
| 18:05 | Research | Horse Collar |
| 18:05 | Research | Horse Collar |
| 18:10 | Build | Lumber Camp |
| 18:32 | Queue | Archer |
| 18:59 | Queue | Skirmisher |
| 19:08 | Queue | Archer |
| 19:08 | Queue | Archer |
| 19:22 | Queue | Archer |
| 19:42 | Age | Castle Age |
| 19:45 | Research | Crossbowman (upgrade) |
| 19:48 | Queue | Villager (Male) |
Match timeline
| 2:47 | BucketsTTP · first_building Barracks |
| 4:51 | Nobody · first_building Barracks |
| 5:33 | BucketsTTP · wall_segment Palisade Wall x1 |
| 9:16 | Nobody · age_up feudal |
| 9:59 | Nobody · first_building Archery Range |
| 11:25 | BucketsTTP · wall_segment Palisade Wall x1 |
| 11:31 | BucketsTTP · wall_segment Palisade Wall x1 |
| 11:34 | BucketsTTP · wall_segment Palisade Wall x1 |
| 11:34 | BucketsTTP · wall_segment Palisade Wall x1 |
| 11:38 | BucketsTTP · age_up feudal |
| 11:59 | BucketsTTP · first_building Archery Range |
| 12:11 | BucketsTTP · wall_segment Palisade Wall x4 |
| 12:15 | BucketsTTP · wall_segment Palisade Wall x2 |
| 12:54 | BucketsTTP · wall_segment Palisade Wall x1 |
| 14:48 | Nobody · wall_segment Palisade Wall x1 |
| 16:57 | Nobody · first_market_buy 100 food |
| 17:51 | BucketsTTP · wall_segment Palisade Wall x1 |
| 19:42 | Nobody · age_up castle |
| 19:48 | BucketsTTP · resign |
[ AI ANALYSIS · 1 CREDIT ]
What really happened in this match?
Wolo.gg analyzes every decision: build order, eco, micro, common mistakes by bracket. Personalized analysis on WhatsApp or Discord in 30 seconds.
Civ guide
Franks
Perfil
Jugador #9745080